Map: Orbital Shipyard

Players

Bjorn

  • Race: Zerg Zerg
  • League: Master

NeXa - Winner!

  • Race: Protoss Protoss
  • League: Master

VOD

Have the link to the VOD?

Description

Time

  • Played on: March 11, 2016, 6:33 p.m.
  • Length: 11:19
Show
View Real Time Build Order
Export as new Build Order

Bjorn Zerg 

Build Orders: 3 Hatch before Pool 

Get SALT Encoding   

  12  0:01  Drone  
  13  0:12  Overlord  
  13  0:18  Drone  
  14  0:30  Drone  
  14  0:31  Drone  
  14  0:34  Drone  
  17  0:53  Hatchery  
  17  0:56  Drone  
  17  1:08  Drone x2  
  19  1:25  Hatchery  
  18  1:29  Drone  
  19  1:42  Spawning Pool  
  19  1:46  Extractor, Drone  
  18  1:54  Drone x2  
  20  2:01  Drone  
  21  2:05  Drone  
  22  2:12  Drone  
  23  2:24  Overlord  
  23  2:29  Queen x2  
  27  2:37  Queen  
  29  2:46  Zergling x4  
  29  2:48  Drone  
  29  2:49  Drone  
  33  2:52  Overlord  
  33  2:56  Drone  
  35  2:58  Drone  
  35  3:02  Drone  
  36  3:10  Overlord  
  37  3:12  Drone  
  37  3:13  Drone  
  37  3:15  Drone  
  37  3:17  Drone x2  
  41  3:23  Drone  
  42  3:30  Drone x2  
  42  3:34  Metabolic Boost  
  44  3:41  Overlord  
  44  3:42  Drone x5  
  44  3:47  Drone  
  50  3:54  Overlord  
  50  3:55  Overlord  
  50  3:56  Overlord  
  50  4:08  Roach Warren, Drone  
  50  4:09  Drone x6  
  56  4:12  Extractor x2  
  56  4:13  Extractor x2  
  56  4:14  Spore Crawler  
  56  4:17  Spore Crawler  
  50  4:18  Spore Crawler  
  52  4:33  Drone  
  52  4:34  Lair  
  52  4:36  Extractor  
  52  4:37  Drone x3  
  52  4:38  Drone x4  
  57  4:39  Drone  
  57  4:40  Drone x2  
  62  4:50  Drone  
  62  4:51  Drone x6  
  62  4:52  Drone  
  70  5:02  Drone x4  
  70  5:04  Overlord  
  70  5:06  Overlord  
  74  5:07  Overlord  
  74  5:14  Evolution Chamber  
  73  5:25  Roach x5  
  73  5:26  Roach x4  
  91  5:30  Glial Reconstitution  
  91  5:34  Drone x2  
  92  5:41  Zerg Missile Weapons Level 1  
  92  5:46  Spine Crawler  
  92  5:48  Spore Crawler  
  92  5:49  Drone  
  91  5:50  Spore Crawler  
  91  5:51  Roach x3  
  91  5:52  Overlord x2  
  96  6:03  Overlord x2  
  96  6:11  Roach  
  96  6:12  Roach x7  
  111  6:20  Roach  
  111  6:21  Overlord  
  111  6:22  Overlord  
  113  6:30  Ravager x5  
  116  6:38  Roach x4  
  116  6:39  Roach  
  120  6:42  Roach x2  
  120  6:43  Roach x5  
  129  6:51  Roach  
  129  6:52  Roach x2  
  117  6:56  Roach x5  
  117  6:57  Roach  
  103  7:02  Roach  
  103  7:06  Roach  
  67  7:41  Drone x3  
  66  7:46  Drone x2  
  66  8:00  Drone  
  66  8:01  Drone x2  
  66  8:03  Drone  
  70  8:06  Ravager  
  70  8:07  Ravager  
  70  8:08  Ravager  
  70  8:09  Ravager  
  70  8:11  Ravager  
  75  8:17  Ravager  
  75  8:19  Drone x3  
  79  8:36  Overseer  
  79  8:38  Drone x6  
  79  8:39  Drone x2  
  74  9:02  Drone x2  
  67  9:03  Drone x7  
  67  9:04  Queen  
  67  9:06  Queen  
  78  9:11  Drone x2  
  80  9:18  Drone x2  
  80  9:19  Drone x2  
  80  9:21  Drone  
  85  9:25  Drone  
  85  9:26  Drone  
  87  9:32  Drone  
  87  9:37  Drone x2  
  88  10:01  Drone x5  
  88  10:02  Drone  
  94  10:08  Hydralisk Den  
  93  10:18  Overlord x3  
  93  10:20  Overseer  
  93  10:21  Overlord  
  93  10:22  Zergling x10  
  93  10:27  Hatchery  
  97  10:31  Overlord x3  
  97  10:32  Overlord x2  
  97  10:37  Zergling x4  
  97  10:49  Zergling x8  
  100  10:50  Zergling x4  
  99  10:58  Roach x5, Spine Crawler  
  99  10:59  Roach x2  
Show
View Real Time Build Order
Export as new Build Order

NeXa Protoss - Winner!

Build Orders: 1 Gate Expand, Blink Stalkers 

Get SALT Encoding   

  12  0:00  Probe (Chrono Boost)  
  13  0:11  Probe (Chrono Boost)  
  14  0:19  Pylon  
  14  0:22  Probe (Chrono Boost)  
  15  0:37  Probe (Chrono Boost)  
  15  0:39  Gateway  
  16  0:44  Assimilator  
  16  0:48  Probe (Chrono Boost)  
  17  0:59  Probe (Chrono Boost)  
  18  1:09  Probe (Chrono Boost)  
  19  1:23  Nexus  
  19  1:26  Probe (Chrono Boost)  
  20  1:38  Cybernetics Core  
  20  1:41  Probe (Chrono Boost)  
  21  1:50  Assimilator  
  21  1:52  Probe (Chrono Boost)  
  22  1:58  Pylon  
  22  2:02  Probe (Chrono Boost)  
  23  2:16  Mothership Core (Chrono Boost), Stalker  
  23  2:19  Warp Gate  
  27  2:36  Probe x2 (Chrono Boost)  
  29  2:41  Twilight Council  
  29  2:46  Probe x2 (Chrono Boost)  
  29  2:49  Stalker  
  33  2:57  Probe x2 (Chrono Boost)  
  35  3:07  Probe x2 (Chrono Boost)  
  37  3:17  Pylon  
  37  3:18  Probe x2 (Chrono Boost), Blink  
  39  3:28  Probe x2 (Chrono Boost)  
  41  3:35  Robotics Facility  
  41  3:39  Probe x2 (Chrono Boost)  
  43  3:49  Probe (Chrono Boost), Gateway  
  43  3:50  Gateway  
  43  3:55  Gateway  
  44  4:01  Gateway  
  44  4:05  Pylon  
  44  4:13  Pylon  
  44  4:18  Probe x2 (Chrono Boost)  
  46  4:28  Probe x2 (Chrono Boost)  
  49  4:33  Gateway  
  49  4:34  Gateway  
  49  4:36  Gateway  
  48  4:39  Probe x2 (Chrono Boost)  
  48  4:40  Gateway  
  48  4:44  Gateway  
  50  4:50  Warp Prism (Chrono Boost)  
  52  4:53  Assimilator  
  52  4:57  Assimilator  
  52  5:01  Pylon  
  52  5:08  Pylon  
  52  5:09  Stalker x2  
  56  5:15  Stalker  
  58  5:22  Observer (Chrono Boost)  
  58  5:24  Stalker x2  
  63  5:31  Adept  
  65  5:41  Observer (Chrono Boost)  
  66  5:48  Stalker  
  66  5:49  Stalker x4  
  76  5:51  Stalker  
  78  5:58  Pylon  
  78  6:01  Pylon  
  78  6:12  Sentry  
  78  6:13  Sentry x2  
  78  6:15  Sentry  
  86  6:43  Zealot  
  86  6:44  Zealot x7  
  100  6:52  Zealot x2  
  94  7:05  Zealot x3  
  94  7:06  Zealot x4  
  96  7:12  Probe  
  96  7:13  Probe  
  68  7:25  Probe  
  68  7:26  Robotics Bay  
  67  7:41  Immortal (Chrono Boost)  
  61  7:50  Stalker  
  61  7:51  Stalker x6  
  61  7:55  Sentry x3  
  79  8:14  Pylon  
  79  8:15  Disruptor (Chrono Boost)  
  79  8:16  Pylon  
  82  8:25  Nexus  
  82  8:36  Pylon  
  77  8:49  Disruptor (Chrono Boost)  
  70  8:59  Stalker x3  
  70  9:00  Stalker x4  
  82  9:19  Zealot x3  
  82  9:22  Disruptor (Chrono Boost)  
  91  9:25  Zealot  
  93  9:39  Probe x2  
  93  9:41  Probe  
  96  9:51  Forge  
  96  9:53  Probe  
  96  9:54  Disruptor (Chrono Boost), Forge  
  96  9:55  Probe x2  
  102  10:04  Pylon  
  102  10:05  Pylon, Probe  
  102  10:06  Pylon  
  103  10:18  Sentry x4  
  103  10:20  Stalker x4  
  103  10:21  Stalker  
  120  10:23  Stalker  
  122  10:28  Assimilator  
  122  10:34  Assimilator  
  122  11:15  Zealot x3  
  122  11:16  Zealot x6  
Tags
 
Add a new tag
Caveats
  • Supply blocks, unpowered buildings, or Contaminate may cause inaccurate times.
  • Supply counts are checked every 10 seconds.